 Dungeon Crawl Stone Soup version 0.18.1-48-g4cf74bf (webtiles) character file.

75 BESTIEunlmt the Chopper (level 4, -1/40 HPs)
             Began as a Hill Orc Berserker on July 17, 2016.
             Was a Believer of Trog.
             Slain by a spatial vortex (4 damage)
             ... summoned by a spatial maelstrom
             ... on level 1 of the Abyss.
             The game lasted 00:20:28 (3700 turns).

BESTIEunlmt the Chopper (Hill Orc Berserker)        Turns: 3700, Time: 00:20:29

Health: -1/40      AC:  8    Str: 19    XL:     4   Next: 31%
Magic:  4/4        EV: 10    Int:  7    God:    Trog [**....]
Gold:   143        SH:  0    Dex: 11    Spells: 0 memorised, 3 levels left

rFire  . . .     SeeInvis .     a - +0 hand axe
rCold  . . .     Gourm    .     d - +0 scale mail
rNeg   . . .     Faith    .     (no shield)
rPois  .         Spirit   .     (no helmet)
rElec  .         Dismiss  .     (no cloak)
rCorr  .         Reflect  .     (no gloves)
SustAt .         Harm     .     e - +1 pair of boots
MR     .....                    (no amulet)
Stlth  ..........               (no ring)
                                (no ring)

@: not resistant to hostile enchantments, extremely unstealthy
A: no striking features
a: Berserk, Trog's Hand, Burn Spellbooks, Renounce Religion


You were on level 1 of the Abyss.
You worshipped Trog.
Trog was pleased with you.
You were not hungry.

You visited 1 branch of the dungeon, and saw 2 of its levels.
You visited the Abyss 1 time.

You collected 143 gold pieces.

Inventory:

Hand Weapons
 a - a +0 hand axe (weapon)
 p - a +2 dagger of venom
Missiles
 h - 47 arrows
 i - 22 bolts
 o - 19 poisoned needles
Armour
 b - a +0 animal skin
 d - a +0 scale mail (worn)
 e - a +1 pair of boots (worn)
Wands
 q - a wand of confusion (25/48)
Scrolls
 k - 2 scrolls of amnesia
 l - a scroll of remove curse
Potions
 g - a potion of flight
 j - a potion of curing
 n - a potion of lignification {unknown}
Comestibles
 c - a bread ration


   Skills:
 + Level 4.2 Fighting
 + Level 5.4 Axes
 + Level 2.5 Armour
 + Level 2.2 Dodging


You had 3 spell levels left.
You didn't know any spells.

Dungeon Overview and Level Annotations

Branches:
Dungeon (2/15)

Altars:

Annotations:
D:2 Crazy Yiuf


Message History

You hit the spatial maelstrom.
The spatial maelstrom is lightly damaged.
The spatial maelstrom hits you. Space warps horribly around you!
The spatial maelstrom hits you but does no damage.
A spatial vortex, a sixfirhy and a small abomination come into view.
You barely miss the spatial maelstrom. The spatial maelstrom hits you!
You blink.
Found a corrupted altar of Lugonu.
A spatial vortex and a small abomination come into view.
A starcursed mass and a small abomination come into view.
The thrashing horror closely misses you.
The thrashing horror tramples you but does no damage.
The spatial maelstrom hits you!
* * * LOW HITPOINT WARNING * * *
You blink.
Your scale mail prevents you from hitting the spatial maelstrom.
You hit the spatial vortex.
The spatial vortex is lightly damaged.
The spatial vortex hits you.
You die...

. ... ##..
...#########.#..
................
..#..v...v....≈.
#..............
#...Xx4......
#..#.xv##!hhh..
...#x#@# ...x.
#.. ..#v# ###.
#. ...### # ....
..... ...#X.


You could see a spatial maelstrom, 2 spatial vortices, a thrashing horror and a
small abomination.

Vanquished Creatures
  A gnoll (D:1)
  An adder (D:2)
  2 adder zombies (D:2)
  6 giant cockroaches
  A goblin (D:2)
  6 hobgoblins
  5 jackals (D:2)
  A quokka (D:2)
  5 bats
  A giant gecko skeleton (D:2)
  3 giant newts (D:1)
  6 kobolds
  12 rats
  A fungus (D:2)
51 creatures vanquished.

Vanquished Creatures (others)
  2 small abominations (Abyss:1)
2 creatures vanquished.

Grand Total: 53 creatures vanquished

Notes
Turn   | Place    | Note
--------------------------------------------------------------
     0 | D:1      | BESTIEunlmt the Hill Orc Berserker began the quest for the Orb.
     0 | D:1      | Reached XP level 1. HP: 19/19 MP: 1/1
   224 | D:1      | Reached XP level 2. HP: 18/27 MP: 2/2
   881 | D:1      | Reached XP level 3. HP: 33/33 MP: 3/3
  1350 | D:2      | Reached ** piety under Trog
  1583 | D:2      | Reached skill level 5 in Axes
  1599 | D:2      | Reached XP level 4. HP: 31/40 MP: 4/4
  2189 | D:2      | Noticed Crazy Yiuf
  2208 | D:2      | Cast into level 1 of the Abyss (Crazy Yiuf)
  2911 | Abyss:1  | Killed a small abomination
  3001 | Abyss:1  | Killed a small abomination
  3697 | Abyss:1  | Noticed a spatial maelstrom
  3697 | Abyss:1  | Noticed a thrashing horror
  3697 | Abyss:1  | Noticed a raiju
  3697 | Abyss:1  | Noticed a raiju
  3697 | Abyss:1  | Noticed a raiju
  3697 | Abyss:1  | Noticed a raiju
  3697 | Abyss:1  | Noticed a spatial vortex
  3698 | Abyss:1  | Noticed a sixfirhy
  3698 | Abyss:1  | Noticed a spatial vortex
  3698 | Abyss:1  | Found a corrupted altar of Lugonu.
  3699 | Abyss:1  | Noticed a small abomination
  3699 | Abyss:1  | Noticed a spatial vortex
  3699 | Abyss:1  | Noticed a starcursed mass
  3700 | Abyss:1  | Slain by a spatial vortex

Skill      XL: |  1  2  3 |
---------------+----------+-----
Fighting       | 4 |  4.2
Dodging        | 2 |  2.2
Axes           | 5 |  5.4
Armour         | |  2.5

Action                   |  1- 3 |  4- 6 || total
-------------------------+-------+-------++-------
Melee: Hand axe          |   117 |    62 ||   179
Invok: Berserk           |       |     1 ||     1
  Use: Scroll            |     9 |     3 ||    12
       Potion            |     1 |     1 ||     2
 Stab: Sleeping          |     1 |       ||     1
  Eat: Bread ration      |     1 |     2 ||     3
Armor: Animal skin       |    12 |       ||    12
       Scale mail        |    44 |    20 ||    64
Dodge: Dodged            |    67 |    16 ||    83
